 Dungeon Crawl Stone Soup version 0.30-a0-1059-g7dea3e163d (webtiles) character file.

Game seed: 10776214092015771108

76 MacCMillion the Shooter (level 3, -1/29 HPs)
             Began as a Demigod Hunter on Apr 12, 2023.
             Slain by a goblin
             ... wielding a +0 club
             ... led by Robin
              (6 damage)
             ... on level 4 of the Dungeon.
             The game lasted 00:02:48 (2241 turns).

MacCMillion the Shooter (Demigod Hunter)            Turns: 2241, Time: 00:02:48

Health: -1/29      AC:  5    Str: 12    XL:     3   Next: 89%
Magic:  5/5        EV: 12    Int: 11    God:
Gold:   113        SH:  0    Dex: 21    Spells: 2/2 levels left

rFire   . . .      SeeInvis +    a - +0 shortbow
rCold   . . .      Faith    .    (shield currently unavailable)
rNeg    . . .      Spirit   .    c - +0 leather armour
rPois   .          Reflect  .    l - +0 helmet
rElec   .          Rampage  .    (no cloak)
rCorr   .                        j - +0 pair of gloves
Will    .....                    (no boots)
Stlth   ++                       (no amulet)
HPRegen 0.24/turn                p - ring of see invisible
MPRegen 0.09/turn                (no ring)

@: no status effects
A: high MP 1, forlorn, divine attributes
a: no special abilities


You were on level 4 of the Dungeon.
You visited 1 branch of the dungeon, and saw 4 of its levels.

You collected 113 gold pieces.

Inventory:

Hand Weapons
 a - a +0 shortbow (weapon)
Armour
 c - a +0 leather armour (worn)
 j - a +0 pair of gloves (worn)
 l - a +0 helmet (worn)
Jewellery
 p - a ring of see invisible (left hand)
Scrolls
 b - 2 scrolls of immolation
 d - 3 scrolls of enchant armour {unknown}
 e - 2 scrolls of blinking {unknown}
 f - a scroll of fear {unknown}
 h - a scroll of enchant weapon {unknown}
 m - a scroll of teleportation {unknown}
 o - 2 scrolls of identify {unknown}
Potions
 g - a potion of curing {unknown}
 i - a potion of berserk rage {unknown}
 k - a potion of magic {unknown}
 n - a potion of attraction {unknown}
 q - a potion of lignification {unknown}


   Skills:
 - Level 1.7 Fighting
 + Level 4.9 Ranged Weapons
 - Level 1.7 Dodging
 - Level 2.0 Stealth


You had 2 spell levels left.
You didn't know any spells.
Your spell library contained the following spells:

 Spells                   Type           Power      Damage    Failure   Level
 Shock                    Conj/Air       0%         1d3       41%         1
 Swiftness                Air            0%         N/A       80%         3
 Airstrike                Air            0%         2d(0-16)  99%         4


Dungeon Overview and Level Annotations

Branches:
Dungeon (4/15)
 Temple: D:4-7

Annotations:
D:3 exclusion: water moccasin, Robin


Innate Abilities, Weirdness & Mutations

You have an increased reservoir of magic. (+10% MP)
You shall have no god before yourself.
Your divine heritage dramatically boosts your attributes as you level up.


Message History

Level annotation: exclusion: water moccasin The goblin shouts!
Robin shouts!
The goblin shouts! x2; The hobgoblin shouts!
The goblin shouts! x3
Robin throws the goblin at you! The hobgoblin hits you.
The goblin hits you with a +0 club.
The goblin shouts! x2; You hear a shout!
Found a scroll labelled LOCVEU FIEKLUJ.
Found an escape hatch in the ceiling.
There is a stone staircase leading down, spattered with blood here.
Robin roars a battlecry!
The goblins go into a battle-frenzy!
The hobgoblin hits you but does no damage.
The goblin barely misses you. The goblin hits you but does no damage.
The goblin unwields a +0 club.
The goblin wields a +1 sling of electrocution.
You hear the crackle of electricity.
The goblin shoots a sling bullet.
The sling bullet hits you but does no damage.
You climb downwards.
There is a stone staircase leading up here.
The goblin attacks as you move away! The goblin hits you with a +0 club.
The hobgoblin attacks as you move away! The hobgoblin hits you.
* * * LOW HITPOINT WARNING * * *
The goblin barely misses you.
You are too injured to fight recklessly!
You are too injured to fight recklessly!
You are too injured to fight recklessly!
The goblin attacks as you move away! The goblin misses you.
The goblin attacks as you move away! The goblin hits you but does no damage.
The goblin attacks as you move away! The goblin hits you with a +0 club.
* * * LOW HITPOINT WARNING * * *
The goblin attacks as you move away! The goblin hits you with a +0 club.
* * * LOW HITPOINT WARNING * * *
The goblin attacks as you move away! The goblin closely misses you.
Fire: a) +0 shortbow
Press: ? - help, Q - select action Shift-Dir - straight line, f - goblin
Aim: a goblin, wielding a +0 club (strong, 58% to hit)
You shoot an arrow. The arrow hits the goblin.
The goblin is almost dead.
The goblin hits you with a +0 club.
You die...

#####.#.# #...# ##.##
......#.###...# #...#
..............####.#.######
####.#.###.......g<........
#...# #....#####.######
###.# #.#g## #.# #.....#.#
#.# ###.###.######.######
#. #.g.g@.......... #
########..###### #..# #..#
#... ##... .### .#


You could see 2 goblins.

Vanquished Creatures
  3 adders
  2 worms (D:2)
  5 bats (D:2)
  5 endoplasms
  2 giant cockroaches
  4 goblins
  7 hobgoblins
  A jackal (D:1)
  3 quokkas (D:1)
  2 ball pythons
  3 frilled lizards
  5 rats
42 creatures vanquished.

Notes
Turn   | Place    | Note
-------+----------+-------------------------------------------
     0 | D:1      | MacCMillion the Demigod Hunter began the quest for the Orb.
     0 | D:1      | Reached XP level 1. HP: 17/17 MP: 3/3
   114 | D:1      | Reached skill level 1 in Stealth
   409 | D:1      | Reached XP level 2. HP: 24/24 MP: 4/4
   741 | D:1      | Reached skill level 4 in Ranged Weapons
  1301 | D:2      | Reached XP level 3. HP: 24/29 MP: 5/5
  2042 | D:3      | Noticed a water moccasin
  2199 | D:3      | You fall into a shaft and drop 1 floor!
  2207 | D:4      | Noticed a scorpion
  2226 | D:3      | Noticed Robin
  2241 | D:4      | Slain by a goblin

Illustrated notes

Levels and vault maps discovered:
D:1:      evilmike_arrival_crescent, layout_basic, st_stairs_2,
          minmay_pentomino_v4
D:2:      layout_basic, ebering_ecumenical_altar_sacrificial
D:3:      layout_basic, nicolae_dithmenos_shadow_blocks, uniq_robin,
          uniq_natasha, uniq_grinder
D:4:      layout_loops_ring, nicolae_take_the_stairs

Skill      XL: |  1  2 |
---------------+-------+-----
Stealth        | 1 2 |  2.0
Ranged Weapons | 4 |  4.9
Fighting       | |  1.7
Dodging        | |  1.7

Action                     || total
---------------------------++-------
   Fire: Shortbow          ||   126
 Armour: Leather armour    ||    12
  Dodge: Dodged            ||    28

Table legend: (Time is in decaauts)
 A = Elapsed time spent in this place.
 B = Non-inter-level travel time spent in this place.
 C = Inter-level travel time spent in this place.
 D = Time resting spent in this place.
 E = Time spent auto-exploring this place.
 F = Levels seen in this place.
 G = Mean time per level.
                   A        B        C        D        E       F      G
               +--------+--------+--------+--------+--------+-----+--------+
         Total |   2282 |   2198 |     84 |    100 |   1737 |   4 |  570.5 |
       Dungeon |   2282 |   2198 |     84 |    100 |   1737 |   4 |  570.5 |
               +--------+--------+--------+--------+--------+-----+--------+

Top non-repeatable levels by time:
     D:1: 1103 daAuts
     D:2: 973 daAuts
     D:3: 164 daAuts
     D:4: 40 daAuts
